 Dungeon Crawl Stone Soup version 0.20.1-1-g8b1a95d (webtiles) character file.

66014 Gargoyl the Severer (level 14, -27/125 HPs)
             Began as a Minotaur Abyssal Knight on Aug 2, 2017.
             Was the Champion of Lugonu.
             Annihilated by an orc warlord
             ... wielding a +0 halberd
              (49 damage)
             ... in a bailey.
             The game lasted 00:44:14 (20218 turns).

Gargoyl the Severer (Minotaur Abyssal Knight)      Turns: 20218, Time: 00:44:15

Health: -27/125    AC: 28    Str: 19    XL:     14   Next: 77%
Magic:  21/21      EV: 11    Int:  9    God:    Lugonu [******]
Gold:   1209       SH: 20    Dex: 23    Spells: 13/13 levels left

rFire    . . .     SeeInvis .   B - +9 war axe (freeze)
rCold    . . .     Gourm    .   E - +1 large shield {AC+3}
rNeg     + . .     Faith    .   G - +0 plate armour
rPois    .         Spirit   .   (helmet unavailable)
rElec    .         Reflect  .   b - +1 cloak
rCorr    .         Harm     .   d - +0 pair of gloves
MR       +....                  k - +0 pair of boots
Stlth    ..........             J - amulet of regeneration
Regen    0.0/turn               S - +3 ring of dexterity
MPRegen  0.2/turn               M - ring of positive energy

@: agile
A: retaliatory headbutt, horns 3, iridescent scales 1, thin skeletal structure
1, shaggy fur 1, inhibited regeneration
a: Depart the Abyss, Bend Space, Banish, Corrupt, Enter the Abyss, Brand Weapon
With Distortion, Renounce Religion


You were in a bailey.
You worshipped Lugonu.
Lugonu was exalted by your worship.
You were hungry.

You visited 2 branches of the dungeon, and saw 18 of its levels.
You visited the Abyss 1 time.
You also visited: Ossuary and Bailey.

You collected 1406 gold pieces.
You spent 197 gold pieces at shops.

Inventory:

Hand Weapons
 w - a +4 war axe
 B - a +9 war axe of freezing (weapon)
 R - a +1 broad axe
Missiles
 T - 6 silver javelins (quivered)
Armour
 b - a +1 cloak (worn)
 d - a +0 pair of gloves (worn)
 h - a +1 hat of see invisible
 k - a +0 pair of boots (worn)
 z - the +1 pair of gloves "Radiutou" {*Slow rPois rC+++ rN+ Int-2}
   (You found it on level 4 of the Lair of Beasts)

   It affects your intelligence (-2).
   It renders you almost immune to cold.
   It protects you from poison.
   It protects you from negative energy.
   It may slow you when you take damage.
 E - a +1 large shield of protection (worn)
 G - a +0 plate armour (worn)
Jewellery
 H - an uncursed ring of flight
 J - an amulet of regeneration (around neck)
 M - a ring of positive energy (right hand)
 S - a +3 ring of dexterity (left hand)
 W - an uncursed ring of resist corrosion
Scrolls
 g - 2 scrolls of magic mapping
 l - a scroll of identify
 o - 8 scrolls of remove curse
 s - 7 scrolls of teleportation
 v - 2 scrolls of fear
 x - 6 scrolls of fog
 y - 7 scrolls of recharging
 F - 6 scrolls of blinking
Potions
 e - 5 potions of brilliance
 f - 6 potions of magic
 j - 2 potions of haste
 m - a potion of berserk rage
 n - 2 potions of ambrosia
 q - 3 potions of heal wounds
 t - 10 potions of curing
 u - a potion of agility
 A - 3 potions of flight
 I - a potion of resistance
 N - 2 potions of cancellation
 Y - a potion of invisibility
Comestibles
 a - 11 chunks of flesh
 c - 6 bread rations
 i - 24 royal jellies
 p - 6 meat rations
 r - 46 fruits


   Skills:
 + Level 11.8 Fighting
 + Level 16.4 Axes
 + Level 0.4 Throwing
 * Level 14.0 Armour
 + Level 3.5 Dodging
 + Level 12.9 Shields
 * Level 11.7 Invocations
 + Level 0.3 Evocations


You had 13 spell levels left.
You didn't know any spells.

Dungeon Overview and Level Annotations

Branches:
Dungeon (12/15)            Temple (0/1) D:6            Lair (6/6) D:11
  Swamp (0/4) Lair:3        Snake (0/4) Lair:4        Slime (0/5) Lair:6
    Orc (0/2) D:11

Altars:
Fedhas
Jiyva

Shops:
D:4 ?


Innate Abilities, Weirdness & Mutations

You reflexively headbutt those who attack you in melee.
You have a pair of large horns on your head.
You are partially covered in iridescent scales. (AC +2)
You have a somewhat thin skeletal structure. (Dex +2, Stealth)
You are covered in fur. (AC +1)
You do not regenerate when monsters are visible.


Message History

You headbutt the orc knight.
The orc warlord hits you with a halberd!!
* * * LOW HITPOINT WARNING * * *
Your shield and plate armour prevent you from hitting the orc knight.
Your headbutt misses the orc knight.
The orc knight is severely wounded.
You hit the orc warlord. You freeze the orc warlord.
The orc warlord no longer looks unusually strong.
The orc knight roars a battlecry!
The orc warlord goes into a battle-frenzy!
You slice the orc knight!! You freeze the orc knight.
You kill the orc knight!
Lugonu accepts your kill.
You hit the orc warlord but do no damage.
The orc warlord hits you with a halberd!
* * * LOW HITPOINT WARNING * * *
Unknown command.
You feel much better.
The orc warlord hits you with a halberd!!!
You die...

##.........##
#######.....⌠.....#
##.....##)........##
#......)))........+
##......)##.......##
#.........#.......#
##.........##88.88##
#.....⌠.....###)###
##.........###)@)#
#.........#..))o..#
##.......##.......#
#.......#.........#
##.....##.........#
##)####...........#
##..)..##.........##
#...))..#.........#
##...))..##


You could see an orc warlord.

Vanquished Creatures
  Gastronok (Lair:1)
  Nessos (D:12)
  The ghost of raetorn the Ogre Mage, a journeyman OgFE of Vehumet (D:11)
  Josephine (Lair:6)
  Harold (Lair:3)
  4 two-headed ogres
  Erica (Lair:1)
  A catoblepas (Lair:4)
  Urug (Lair:2)
  6 death yaks
  The ghost of Timson the Basher, a novice HuFi of the Shining One (D:8)
  The ghost of destino the Geomancer, a novice GrEE of Vehumet (Bailey)
  An unseen horror (D:10)
  3 orc knights (Bailey)
  An ugly thing (D:11)
  A manticore (D:11)
  11 elephants
  Joseph (D:7)
  6 black mambas
  A gargoyle (D:11)
  10 spiny frogs
  10 komodo dragons
  A rime drake (Lair:6)
  3 meliai (Lair:6)
  A tengu conjurer (D:10)
  3 polar bears (Lair:6)
  A troll (D:12)
  4 hornets (Lair:6)
  A queen bee (Lair:6)
  12 dream sheep
  13 hippogriffs
  23 blink frogs
  4 wyverns
  14 spriggans
  A basilisk (Lair:6)
  4 wraiths (Lair:6)
  The ghost of Toogi the Sneak, an amateur NaIE (D:4)
  Eustachio (D:5)
  23 yaks
  2 hungry ghosts
  11 vampire mosquitoes
  Menkaure (D:6)
  4 nagas (Lair:4)
  An acid dragon (D:11)
  12 water moccasins
  8 porcupines
  4 black bears
  12 orc warriors
  4 sky beasts
  2 ice beasts
  4 ogres
  An eye of draining (D:11)
  2 phantoms (D:10)
  A necrophage (D:11)
  4 boggarts (Lair:6)
  3 centaurs
  53 wolves
  6 crocodiles
  3 big kobolds
  13 bullfrogs
  A wyvern skeleton (D:8)
  5 scorpions
  24 killer bees
  5 wights (D:6)
  5 howler monkeys
  2 electric eels (Lair:4)
  5 crimson imps
  A bullfrog zombie (D:7)
  7 hounds
  14 orc wizards
  6 orc priests
  Crazy Yiuf (D:2)
  A bullfrog skeleton (D:8)
  2 centaur skeletons
  5 jellies
  A gnoll shaman (D:6)
  4 worker ants
  9 mummies
  A hound zombie (D:9)
  5 adders
  15 gnolls
  3 shadow imps
  An ooze (D:1)
  An adder zombie (D:7)
  An adder skeleton (D:8)
  4 worms
  3 dart slugs
  8 leopard geckos
  67 orcs
  6 bats
  3 bat skeletons (D:2)
  8 giant cockroaches
  A gnoll zombie (Ossuary)
  21 goblins
  19 hobgoblins
  8 jackals
  21 kobolds
  6 quokkas
  3 ball pythons (D:1)
  4 frilled lizards
  2 giant cockroach zombies (D:2)
  7 hobgoblin zombies
  A jackal zombie (D:2)
  A leopard gecko skeleton (D:2)
  A leopard gecko zombie (D:6)
  2 orc zombies
  A quokka skeleton (D:4)
  A quokka zombie (D:7)
  7 rats
  3 fungi
  2 plants
661 creatures vanquished.

Vanquished Creatures (others)
  4 hydras
  7 fungi
  4 plants
15 creatures vanquished.

Grand Total: 676 creatures vanquished

Notes
Turn   | Place    | Note
-------+----------+-------------------------------------------
     0 | Abyss:1  | Gargoyl the Minotaur Abyssal Knight began the quest for the Orb.
     0 | Abyss:1  | Reached XP level 1. HP: 19/19 MP: 1/1
    45 | Abyss:1  | Found a corrupted altar of Lugonu.
   138 | Abyss:1  | Noticed a tentacled starspawn
   209 | Abyss:1  | Noticed a fire elemental
   216 | D:1      | Escaped the Abyss
   277 | D:1      | Reached * piety under Lugonu
   330 | D:1      | Reached XP level 2. HP: 27/27 MP: 2/2
   469 | D:1      | You fall through a shaft!
   483 | D:2      | Reached XP level 3. HP: 21/34 MP: 3/3
  1299 | D:2      | Reached skill level 3 in Axes
  1333 | D:2      | Reached ** piety under Lugonu
  1441 | D:2      | Reached XP level 4. HP: 37/41 MP: 4/4
  2033 | D:2      | Found a runed door.
  2037 | D:2      | Noticed Crazy Yiuf
  2046 | D:2      | Killed Crazy Yiuf
  2383 | D:3      | Reached XP level 5. HP: 47/47 MP: 5/5
  2580 | D:3      | Reached skill level 5 in Fighting
  2580 | D:3      | Reached skill level 4 in Axes
  2583 | D:3      | Reached *** piety under Lugonu
  3402 | D:4      | Noticed Toogi's ghost (amateur NaIE)
  3417 | D:4      | Found a sand-covered staircase.
  3426 | Ossuary  | Entered an ossuary
  3482 | Ossuary  | Reached XP level 6. HP: 42/56 MP: 7/7
  3791 | Ossuary  | Reached skill level 5 in Axes
  4184 | D:4      | Killed Toogi's ghost
  4185 | D:4      | HP: 2/56 [worm (1)]
  4425 | D:4      | Found Ziamuwn's Magic Scroll Shop.
  4428 | D:4      | Bought a scroll of teleportation for 33 gold pieces
  4428 | D:4      | Bought a scroll of enchant armour for 82 gold pieces
  4428 | D:4      | Bought a scroll of enchant weapon for 82 gold pieces
  4481 | D:4      | Reached XP level 7. HP: 61/61 MP: 8/8
  4690 | D:4      | Reached skill level 5 in Armour
  4708 | D:4      | Reached skill level 6 in Axes
  4972 | D:5      | Entered Level 5 of the Dungeon
  5278 | D:5      | Noticed Eustachio
  5310 | D:5      | Killed Eustachio
  5798 | D:5      | Reached skill level 7 in Axes
  5909 | D:5      | Reached **** piety under Lugonu
  5909 | D:5      | Reached XP level 8. HP: 62/70 MP: 10/10
  6216 | D:6      | Noticed Menkaure
  6222 | D:6      | Killed Menkaure
  6500 | D:6      | Gained mutation: Your spells are a little harder to cast, but a little more powerful. [mutagenic meat]
  6501 | D:6      | Lost mutation: Your spells are a little harder to cast, but a little more powerful. [mutagenic meat]
  6502 | D:6      | Gained mutation: You occasionally shout uncontrollably at your foes. [mutagenic meat]
  6503 | D:6      | Gained mutation: You are covered in fur. (AC +1) [mutagenic meat]
  6516 | D:6      | Found a staircase to the Ecumenical Temple.
  6539 | D:6      | Reached skill level 8 in Axes
  6757 | D:6      | Reached skill level 5 in Invocations
  7312 | D:7      | Reached skill level 1 in Shields
  7313 | D:7      | Noticed a hippogriff
  7326 | D:7      | Reached skill level 9 in Axes
  7327 | D:7      | Killed a hippogriff
  7327 | D:7      | Reached XP level 9. HP: 55/77 MP: 10/12
  7452 | D:7      | Noticed Joseph
  7647 | D:7      | Killed Joseph
  7810 | D:7      | Reached skill level 10 in Axes
  8135 | D:8      | Noticed Timson's ghost (novice HuFi)
  8163 | D:8      | Killed Timson's ghost
  8335 | D:8      | Reached XP level 10. HP: 84/84 MP: 13/13
  8461 | D:8      | Noticed a two-headed ogre
  8596 | D:8      | Killed a two-headed ogre
  8596 | D:8      | Reached skill level 5 in Shields
  8734 | D:8      | Reached skill level 11 in Axes
  8817 | D:8      | Reached ***** piety under Lugonu
  8912 | D:8      | Noticed a two-headed ogre
  8922 | D:8      | Killed a two-headed ogre
  9459 | D:9      | Gained mutation: You are frail. (-10% HP) [mutagenic meat]
 10755 | D:10     | Entered Level 10 of the Dungeon
 10844 | D:10     | Reached skill level 12 in Axes
 10851 | D:10     | Reached XP level 11. HP: 66/84 MP: 15/15
 11755 | D:10     | Reached skill level 10 in Armour
 11788 | D:10     | Killed an unseen horror
 11859 | D:11     | Noticed raetorn's ghost (journeyman OgFE)
 11931 | D:11     | Killed raetorn's ghost
 11931 | D:11     | Reached skill level 13 in Axes
 12105 | D:11     | Noticed a brown ugly thing
 12111 | D:11     | Noticed a two-headed ogre
 12129 | D:11     | Killed a brown ugly thing
 12138 | D:11     | Killed a two-headed ogre
 12382 | D:11     | Reached ****** piety under Lugonu
 12434 | D:11     | Found a blossoming altar of Fedhas.
 12615 | D:11     | Noticed a two-headed ogre
 12627 | D:11     | Killed a two-headed ogre
 12680 | D:11     | Found a staircase to the Lair.
 12709 | D:11     | Found a staircase to the Orcish Mines.
 12803 | D:11     | Gained mutation: You have a somewhat thin skeletal structure. (Dex +2, Stealth) [mutagenic meat]
 12804 | D:11     | Gained mutation: You do not regenerate when monsters are visible. [mutagenic meat]
 12805 | D:11     | Gained mutation: You are agile. (Dex +2) [mutagenic meat]
 12806 | D:11     | Gained mutation: Your mind is acute. (Int +2) [mutagenic meat]
 12807 | D:11     | Gained mutation: Your magical capacity is low. (-10% MP) [mutagenic meat]
 12808 | D:11     | Gained mutation: Your spells are a little easier to cast, but a little less powerful. [mutagenic meat]
 13059 | Lair:1   | Entered Level 1 of the Lair of Beasts
 13408 | Lair:1   | Reached XP level 12. HP: 85/93 MP: 15/15
 13511 | Lair:1   | Noticed Gastronok
 13527 | Lair:1   | Killed Gastronok
 13875 | Lair:1   | Noticed Erica
 13891 | Lair:1   | Killed Erica
 13891 | Lair:1   | Reached skill level 14 in Axes
 14565 | Lair:2   | Got a scintillating lapis lazuli ring
 14567 | Lair:2   | Identified the ring "Odweze Itei" {*Tele MR++ SInv} (You found it on level 2 of the Lair of Beasts)
 14574 | Lair:2   | Lost mutation: Your magical capacity is low. (-10% MP) [potion of mutation]
 14574 | Lair:2   | Lost mutation: You are frail. (-10% HP) [potion of mutation]
 14574 | Lair:2   | Lost mutation: You occasionally shout uncontrollably at your foes. [potion of mutation]
 14574 | Lair:2   | Lost mutation: You are agile. (Dex +2) [potion of mutation]
 14574 | Lair:2   | Lost mutation: Your mind is acute. (Int +2) [potion of mutation]
 14574 | Lair:2   | Lost mutation: Your spells are a little easier to cast, but a little less powerful. [potion of mutation]
 14574 | Lair:2   | Gained mutation: You have a pair of large horns on your head. [potion of mutation]
 14574 | Lair:2   | Gained mutation: You are partially covered in iridescent scales. (AC +2) [potion of mutation]
 14715 | Lair:2   | Noticed a five-headed hydra
 14717 | Lair:2   | Banished a five-headed hydra
 14741 | Lair:2   | Noticed a death yak
 14741 | Lair:2   | Noticed a death yak
 14741 | Lair:2   | Noticed a death yak
 14741 | Lair:2   | Noticed a death yak
 14741 | Lair:2   | Noticed a death yak
 14741 | Lair:2   | Noticed a death yak
 14774 | Lair:1   | Killed a death yak
 14806 | Lair:1   | Killed a death yak
 14883 | Lair:1   | Killed a death yak
 14883 | Lair:1   | Reached skill level 10 in Fighting
 14921 | Lair:1   | Killed a death yak
 14925 | Lair:1   | Killed a death yak
 14985 | Lair:2   | Killed a death yak
 15152 | Lair:2   | Reached skill level 10 in Shields
 15356 | Lair:2   | Noticed Urug
 15374 | Lair:2   | Killed Urug
 15374 | Lair:2   | Reached XP level 13. HP: 92/114 MP: 19/19
 15934 | Lair:3   | Noticed Harold
 15948 | Lair:3   | Killed Harold
 16095 | Lair:3   | Reached skill level 15 in Axes
 16300 | Lair:3   | Found a staircase to the Swamp.
 16567 | Lair:4   | Reached skill level 10 in Invocations
 16575 | Lair:4   | Found a staircase to the Snake Pit.
 17118 | Lair:4   | Got a pair of translucent gloves
 17165 | Lair:4   | Identified the +1 pair of gloves "Radiutou" {*Slow rPois rC+++ rN+ Int-2} (You found it on level 4 of the Lair of Beasts)
 18243 | Lair:6   | Entered Level 6 of the Lair of Beasts
 18504 | Lair:6   | Reached XP level 14. HP: 124/124 MP: 21/21
 18623 | Lair:6   | Reached skill level 16 in Axes
 18742 | Lair:6   | Noticed Josephine
 18762 | Lair:6   | Killed Josephine
 18949 | Lair:6   | Found a viscous altar of Jiyva.
 18949 | Lair:6   | Found a staircase to the Slime Pits.
 19198 | Lair:6   | Paralysed by a hornet for 1 turns
 19834 | D:12     | Noticed Nessos
 19873 | D:12     | Killed Nessos
 19952 | D:12     | Found a flagged portal.
 19963 | Bailey   | Entered a bailey
 20085 | Bailey   | Noticed destino's ghost (novice GrEE)
 20093 | Bailey   | Killed destino's ghost
 20199 | Bailey   | Noticed an orc warlord
 20217 | Bailey   | HP: 3/125 [orc warlord/halberd (16)]
 20218 | Bailey   | Annihilated by an orc warlord

Skill      XL: |  1  2  3  4  5  6  7  8  9 10 11 12 13 14 |
---------------+-------------------------------------------+-----
Fighting       | 4 5 6 7 9 10 11 | 11.8
Invocations    | 2 3 4 5 6 7 8 9 10 11 | 11.7
Armour         | 3 4 5 7 8 9 10 12 13 14 | 14.0
Axes           | 3 4 5 7 9 10 12 13 14 15 16 | 16.4
Dodging        | 2 3 |  3.5
Shields        | 1 4 6 8 10 11 12 | 12.9
Throwing       | |  0.4
Evocations     | |  0.3

Action                   |  1- 3 |  4- 6 |  7- 9 | 10-12 | 13-15 || total
-------------------------+-------+-------+-------+-------+-------++-------
Melee: Hand axe          |    76 |   118 |       |       |       ||   194
       Headbutt          |    10 |    25 |    47 |   117 |   124 ||   323
       War axe           |       |    54 |   293 |   579 |   574 ||  1500
Throw: Tomahawk          |       |       |     3 |     2 |       ||     5
Invok: Depart the Abyss  |     1 |       |       |       |       ||     1
       Banish            |       |       |       |     1 |     6 ||     7
Evoke: Wand              |       |       |       |     3 |       ||     3
  Use: Scroll            |     7 |     7 |    10 |     9 |     4 ||    37
       Potion            |       |     4 |       |     7 |     3 ||    14
  Eat: Chunk             |     2 |     6 |    14 |    23 |    17 ||    62
       Bread ration      |       |     1 |     1 |     2 |       ||     4
Armor: Leather armour    |    32 |    10 |       |       |       ||    42
       Ring mail         |       |    63 |    23 |       |       ||    86
       Chain mail        |       |       |   153 |       |       ||   153
       Plate armour      |       |       |    60 |   350 |   336 ||   746
Dodge: Dodged            |    59 |    90 |    98 |    55 |   108 ||   410
Block: Large shield      |       |       |   145 |   509 |   687 ||  1341
